 Dungeon Crawl Stone Soup version 0.21.0 (webtiles) character file.

35876 Lovchig the Severer (level 13, -2/121 HPs)
             Began as a Deep Dwarf Fighter on Jan 7, 2018.
             Was an Elder of Wu Jian.
             Slain by an ettin
             ... wielding a +0 dire flail
              (6 damage)
             ... on level 15 of the Dungeon.
             The game lasted 00:38:46 (10450 turns).

Lovchig the Severer (Deep Dwarf Fighter)           Turns: 10450, Time: 00:38:47

Health: -2/121     AC: 23    Str: 25    XL:     13   Next: 50%
Magic:  0/0        EV: 10    Int:  9    God:    Wu Jian [****..]
Gold:   1203       SH: 12    Dex: 12    Spells: 12/12 levels left

rFire    . . .     SeeInvis +   E - +2 broad axe (elec)
rCold    . . .     Gourm    .   c - +0 shield
rNeg     . . .     Faith    .   o - +0 plate armour
rPois    .         Spirit   .   B - +0 hat {MR+}
rElec    .         Reflect  .   A - +2 cloak
rCorr    .         Harm     .   h - +2 pair of gloves
MR       ++...                  l - +1 pair of boots
Stlth    ..........             (no amulet)
HPRegen  0.00/turn              k - ring of see invisible
MPRegen  0.07/turn              g - ring of stealth

@: non-regenerating
A: damage resistance, heal wounds, sense surroundings 2, no regeneration
a: Heal Wounds, Wall Jump, Serpent's Lash, Renounce Religion


You were on level 15 of the Dungeon.
You worshipped Wu Jian.
Wu Jian was greatly pleased with you.
You were hungry.

You visited 2 branches of the dungeon, and saw 16 of its levels.

You collected 1203 gold pieces.

Inventory:

Hand Weapons
 E - a +2 broad axe of electrocution (weapon)
 G - a +4 scimitar of flaming
Armour
 c - a +0 shield (worn)
 h - a +2 pair of gloves (worn)
 l - a +1 pair of boots (worn)
 o - a +0 plate armour (worn)
 A - a +2 cloak (worn)
 B - a +0 hat of magic resistance (worn)
Jewellery
 g - a ring of stealth (right hand)
 k - a ring of see invisible (left hand)
 r - an uncursed ring of wizardry
Wands
 u - a wand of digging (13)
 w - a wand of disintegration (13)
 x - a wand of random effects (43)
 H - a wand of paralysis (18)
 I - a wand of flame (34)
Scrolls
 m - 6 scrolls of remove curse
 s - 4 scrolls of teleportation
 v - 8 scrolls of enchant weapon
 y - 2 scrolls of blinking
 C - a scroll of amnesia
 D - 5 scrolls of enchant armour
 F - 2 scrolls of fear
Potions
 b - a potion of magic
 d - a potion of might
 e - a potion of agility
 i - 3 potions of haste
 j - 3 potions of flight
 n - 4 potions of curing
 p - a potion of cancellation
 q - 2 potions of invisibility
 z - a potion of brilliance
 K - a potion of lignification {unknown}
Miscellaneous
 J - a phial of floods
Comestibles
 f - 31 rations


   Skills:
 * Level 9.1 Fighting
 + Level 1.4 Long Blades
 * Level 16.0 Axes
 * Level 10.1 Armour
 * Level 8.7 Dodging
 * Level 10.9 Shields


You had 12 spell levels left.
You didn't know any spells.

Dungeon Overview and Level Annotations

Branches:
Dungeon (15/15)            Temple (1/1) D:4            Lair (0/6) D:11
    Orc (0/2) D:11
 Vaults: D:13-14     Depths: D:15

Altars:
Ashenzari
Cheibriados
Dithmenos
Elyvilon
Fedhas
Gozag
Hepliaklqana
Kikubaaqudgha
Makhleb
Nemelex Xobeh
Okawaru
Qazlal
Ru
Sif Muna
Trog
Uskayaw
Vehumet
Wu Jian
Xom
Yredelemnul
Zin
The Shining One

Shops:
D:12 !


Innate Abilities, Weirdness & Mutations

You are resistant to damage.
You can heal yourself by infusing magical energy.
You passively map the area around you.
You do not regenerate.


Message History

The ettin hits you with a dire flail of crushing!
The centaur warrior shoots an arrow.
The arrow hits you. The arrow freezes you.
The ogre mage hits you but does no damage.
You spin and attack the ettin.
You slash the ettin!
The ettin is heavily wounded.
The ettin hits you with a dire flail! You block the ettin's attack.
The ogre mage hits you but does no damage.
The centaur warrior shoots an arrow.
The arrow barely misses you. The ogre mage completely misses you.
The ogre mage hits you but does no damage.
Found a scroll of random uselessness and 18 gold pieces.
You are feeling hungry.
The centaur warrior shoots an arrow.
The arrow hits you! The arrow freezes you.
You see here 2 arrows.
The ogre mage closely misses you.
You feel better. The ettin hits you with a dire flail!
* * * LOW HITPOINT WARNING * * *
The ettin hits you with a dire flail of crushing!!
* * * LOW HITPOINT WARNING * * *
You die...

* * ## , , *
.,... * , ,
.##...#,### ,,
$.....#..., ,
*,#?#.#.#.###
, , *
#.#.#..... ,
,#.#.#.#.# **
*
*,#@#.....####
#C#<.......#*
* #(O..(..#..
, * *
###...†.# * **
#.....# , * *
* #..#.#c# , *
, #.....#..,
,, #.....#.c..
* * ,, ,
..##..# ..# ,


You could see an ettin and an ogre mage.

Vanquished Creatures
  A sphinx (D:13)
  Gastronok (D:10)
  A war gargoyle (D:13)
  A hydra (D:12)
  Harold (D:11)
  Erica (D:10)
  4 centaur warriors
  7 two-headed ogres
  A death knight (D:11)
  3 unseen horrors
  A deep troll (D:15)
  2 deep elf magi
  Pikel (D:8)
  7 ugly things
  6 cyclopes
  2 manticores
  2 tengu conjurers (D:13)
  6 trolls
  3 meliai (D:13)
  A meliai (shapeshifter) (D:13)
  Prince Ribbit (D:6)
  3 hornets
  5 hippogriffs
  Sigmund (D:2)
  A vampire (D:12)
  3 wraiths
  A wyvern (D:12)
  A human (D:12)
  6 yaks (D:11)
  A steam dragon (D:14)
  2 vampire mosquitoes (D:14)
  Menkaure (D:6)
  4 hogs (D:12)
  3 orc warriors
  2 ice beasts
  An eye of draining (D:13)
  A black bear (D:9)
  4 slaves (D:8)
  2 necrophages
  4 phantoms
  3 sky beasts
  6 ogres
  10 centaurs
  A crocodile (D:8)
  5 bullfrogs
  A wyvern zombie (D:11)
  A wyvern skeleton (D:6)
  2 scorpions
  5 killer bees (D:10)
  6 wights
  3 crimson imps
  A bullfrog zombie (D:5)
  A bullfrog skeleton (D:12)
  A centaur zombie (D:6)
  6 hounds
  An iron imp (D:9)
  6 orc priests
  A gnoll shaman (D:7)
  2 centaur skeletons
  4 jellies
  4 iguanas
  10 orc wizards
  10 worker ants
  A killer bee zombie (D:9)
  2 hound zombies
  A hound skeleton (D:5)
  10 gnolls
  17 adders
  A howler monkey skeleton (D:4)
  3 shadow imps
  An ooze (D:4)
  4 worms
  2 dart slugs
  3 leopard geckos
  46 orcs
  13 bats
  6 giant cockroaches
  11 goblins
  4 hobgoblins
  12 jackals
  4 quokkas
  5 frilled lizards
  3 goblin skeletons (D:9)
  A hobgoblin zombie (D:9)
  7 kobolds
  A kobold zombie (D:9)
  A leopard gecko skeleton (D:6)
  An orc skeleton (D:9)
  4 orc zombies (D:9)
  17 rats
370 creatures vanquished.

Notes
Turn   | Place    | Note
-------+----------+-------------------------------------------
     0 | D:1      | Lovchig the Deep Dwarf Fighter began the quest for the Orb.
     0 | D:1      | Reached XP level 1. HP: 20/20 MP: 1/1
   128 | D:1      | Reached XP level 2. HP: 27/27 MP: 2/2
   414 | D:1      | Reached XP level 3. HP: 31/33 MP: 3/3
  1035 | D:2      | Reached skill level 3 in Axes
  1053 | D:2      | Reached skill level 1 in Dodging
  1056 | D:2      | Reached XP level 4. HP: 19/42 MP: 4/4
  1258 | D:2      | Noticed Sigmund
  1277 | D:2      | Killed Sigmund
  1277 | D:2      | Reached skill level 4 in Axes
  1277 | D:2      | Reached XP level 5. HP: 37/49 MP: 5/5
  1277 | D:2      | Reached XP level 6. HP: 43/56 MP: 6/6
  1926 | D:3      | Reached skill level 5 in Axes
  2037 | D:3      | Found a shimmering altar of Xom.
  2825 | D:4      | Reached XP level 7. HP: 39/63 MP: 7/7
  2927 | D:4      | Reached skill level 5 in Shields
  3100 | D:4      | Reached skill level 6 in Axes
  3197 | D:4      | Found a staircase to the Ecumenical Temple.
  3204 | Temple   | Entered the Ecumenical Temple
  3427 | Temple   | Became a worshipper of the Wu Jian Council
  3667 | D:4      | Found a burning altar of Makhleb.
  3667 | D:4      | Noticed a balrug
  3741 | D:5      | Entered Level 5 of the Dungeon
  4258 | D:6      | Reached skill level 7 in Axes
  4269 | D:6      | Reached XP level 8. HP: 61/72 MP: 8/8
  4415 | D:6      | Found a snail-covered altar of Cheibriados.
  4483 | D:6      | Reached * piety under Wu Jian
  4655 | D:6      | Noticed Prince Ribbit
  4687 | D:6      | Killed Prince Ribbit
  4687 | D:6      | Reached skill level 8 in Axes
  4687 | D:6      | Reached skill level 5 in Armour
  4706 | D:6      | Noticed Menkaure
  4716 | D:6      | Killed Menkaure
  4966 | D:6      | Found a sacrificial altar of Ru.
  5170 | D:7      | Reached skill level 9 in Axes
  5222 | D:7      | Noticed a hippogriff
  5229 | D:7      | Killed a hippogriff
  5229 | D:7      | Reached ** piety under Wu Jian
  5229 | D:7      | Gained mutation: You passively map the area around you. [Deep Dwarf growth]
  5229 | D:7      | Reached XP level 9. HP: 50/80 MP: 7/7
  5333 | D:7      | Noticed a two-headed ogre
  5341 | D:7      | Killed a two-headed ogre
  5341 | D:7      | Reached skill level 5 in Fighting
  5366 | D:7      | Reached skill level 10 in Axes
  5703 | D:7      | Found a white marble altar of Elyvilon.
  5928 | D:8      | Noticed Pikel
  5939 | D:8      | Killed Pikel
  5939 | D:8      | Reached skill level 5 in Dodging
  6042 | D:8      | Reached XP level 10. HP: 71/90 MP: 7/7
  6450 | D:9      | Reached skill level 11 in Axes
  6489 | D:9      | Found a glowing golden altar of the Shining One.
  6557 | D:9      | Noticed a two-headed ogre
  6562 | D:9      | Killed a two-headed ogre
  6758 | D:10     | Entered Level 10 of the Dungeon
  6842 | D:10     | Noticed Gastronok
  6861 | D:10     | Killed Gastronok
  6861 | D:10     | Reached skill level 12 in Axes
  6890 | D:10     | Reached *** piety under Wu Jian
  6909 | D:10     | Found a snail-covered altar of Cheibriados.
  6998 | D:10     | Noticed an unseen horror
  7012 | D:10     | Killed an unseen horror
  7116 | D:10     | Reached XP level 11. HP: 55/99 MP: 7/7
  7135 | D:10     | Noticed Erica
  7144 | D:10     | Killed Erica
  7672 | D:11     | Found a staircase to the Orcish Mines.
  7705 | D:11     | Noticed Harold
  7744 | D:11     | Killed Harold
  7744 | D:11     | Reached skill level 13 in Axes
  7793 | D:11     | Found a staircase to the Lair.
  7813 | D:11     | Noticed a death knight
  7833 | D:11     | Reached **** piety under Wu Jian
  7851 | D:11     | Killed a death knight
  8035 | D:12     | Noticed a red ugly thing
  8049 | D:12     | Killed a red ugly thing
  8222 | D:12     | Noticed a four-headed hydra
  8231 | D:12     | Killed a one-headed hydra
  8502 | D:12     | Found Zuytuliul's Distillery.
  8534 | D:12     | Reached XP level 12. HP: 78/109 MP: 3/3
  8582 | D:12     | Noticed a two-headed ogre
  8590 | D:12     | Killed a two-headed ogre
  8590 | D:12     | Reached skill level 14 in Axes
  8668 | D:13     | Reached skill level 1 in Long Blades
  8765 | D:13     | Noticed a centaur warrior
  8772 | D:13     | Killed a centaur warrior
  8859 | D:13     | Noticed a centaur warrior
  8884 | D:13     | Killed a centaur warrior
  8884 | D:13     | Reached ***** piety under Wu Jian
  8945 | D:13     | Found a runed door.
  8946 | D:13     | Noticed a sphinx
  8946 | D:13     | Noticed a war gargoyle
  9193 | D:13     | Reached skill level 10 in Shields
  9213 | D:13     | Reached skill level 15 in Axes
  9524 | D:13     | Killed a sphinx
  9537 | D:13     | Killed a war gargoyle
  9597 | D:14     | Noticed a two-headed ogre
  9606 | D:14     | Killed a two-headed ogre
  9606 | D:14     | Reached XP level 13. HP: 51/118 MP: 3/3
 10093 | D:14     | Reached skill level 10 in Armour
 10427 | D:15     | Entered Level 15 of the Dungeon
 10433 | D:15     | Reached skill level 16 in Axes
 10434 | D:15     | Noticed an ettin
 10450 | D:15     | HP: 4/121 [ettin/dire flail (29)]
 10450 | D:15     | Slain by an ettin

Skill      XL: |  1  2  3  4  5  6  7  8  9 10 11 12 13 |
---------------+----------------------------------------+-----
Fighting       | 3 4 5 6 7 8 9 |  9.1
Axes           | 3 4 5 7 9 10 12 13 15 16 | 16.0
Dodging        | 1 2 3 4 5 6 7 8 |  8.7
Shields        | 4 5 6 7 8 9 10 | 10.9
Armour         | 4 5 6 7 8 9 10 | 10.1
Long Blades    | 1 |  1.4

Action                   |  1- 3 |  4- 6 |  7- 9 | 10-12 | 13-15 || total
-------------------------+-------+-------+-------+-------+-------++-------
Melee: War axe           |   127 |   197 |   282 |   268 |       ||   874
       Broad axe         |       |       |       |   232 |   118 ||   350
       Scimitar          |       |       |       |     7 |       ||     7
Invok: Lunge             |       |       |    14 |    27 |     8 ||    49
       Whirlwind         |       |       |     6 |    13 |    10 ||    29
       Wall Jump         |       |       |       |     2 |     1 ||     3
       Serpent's Lash    |       |       |       |     1 |       ||     1
       Heavenly Storm    |       |       |       |       |     1 ||     1
 Abil: Heal Wounds       |       |     2 |     7 |    35 |    10 ||    54
Evoke: Wand              |       |       |       |     1 |       ||     1
  Use: Scroll            |     4 |     6 |     3 |    10 |     1 ||    24
       Potion            |       |       |       |     2 |     3 ||     5
 Stab: Distracted        |       |       |       |     1 |       ||     1
  Eat: Chunk             |     1 |     6 |    11 |    12 |     2 ||    32
Armor: Scale mail        |    75 |    64 |       |       |       ||   139
       Plate armour      |       |    55 |   147 |   299 |    60 ||   561
Dodge: Dodged            |    49 |    61 |    66 |   141 |    46 ||   363
Block: Shield            |    75 |   122 |   150 |   285 |    64 ||   696
